 Dungeon Crawl Stone Soup version 0.29-a0-284-gf9362112df (webtiles) character file.

Game seed: 17753460433093700099

12 spaghetti the Sneak (level 2, 0/21 HPs)
             Began as an Octopode Delver on Mar 19, 2022.
             Succumbed to an adder's poison
             ... on level 4 of the Dungeon.
             The game lasted 00:00:27 (199 turns).

spaghetti the Sneak (Octopode Delver)                Turns: 199, Time: 00:00:28

Health: 0/21       AC:  1    Str: 11    XL:     2   Next: 33%
Magic:  2/2        EV: 13    Int: 12    God:
Gold:   0          SH:  0    Dex: 13    Spells: 1/1 levels left

rFire   . . .      SeeInvis .   a - +0 short sword {short}
rCold   + . .      Faith    .   (no shield)
rNeg    . . .      Spirit   .   (helmet restricted)
rPois   .          Reflect  .   (no amulet)
rElec   .          Harm     .   (no ring)
rCorr   .          Rampage  .   (no ring)
Will    .....                   (no ring)
Stlth   ++++......              (no ring)
HPRegen 0.07/turn               (no ring)
MPRegen 0.08/turn               (no ring)
                                (no ring)
                                (no ring)

@: lethally poisoned (0 -> -1)
A: almost no armour, amphibious, 8 rings, camouflage 1, gelatinous body 1,
(nimble swimmer 1), tentacles, cold resistance 1, inability to read while
threatened
a: no special abilities


You were on level 4 of the Dungeon.
You visited 1 branch of the dungeon, and saw 2 of its levels.


Innate Abilities, Weirdness & Mutations

You cannot wear most types of armour.
You are amphibious.
You can wear up to eight rings at the same time.
Your skin changes colour to match your surroundings (Stealth+).
Your rubbery body absorbs attacks. (AC +1, EV +1)
((You are camouflaged when in or above water. (Stealth+)))
You have tentacles for arms and can constrict up to eight enemies at once.
Your flesh is cold resistant. (rC+)
You sometimes lose the ability to read scrolls when taking damage.


   Skills:
 - Level 3.0 Fighting
 - Level 2.0 Short Blades
 - Level 2.0 Dodging
 + Level 7.3 Stealth


You had one spell level left.
You didn't know any spells.
Your spell library was empty.

Inventory:

Hand Weapons
 a - a +0 short sword (weapon) {short}
Missiles
 g - 5 stones (quivered) {throwing}
Wands
 f - a wand of digging (3)
Scrolls
 b - a scroll of fog
 c - a scroll of magic mapping {!r}
 d - a scroll of fear

Dungeon Overview and Level Annotations

Branches:
Dungeon (5/15)
 Temple: D:4-7

Altars:

#>)...#
#.....#
##.....#
##....###
#....##
##.### #...#
##.###.##
#....@.#
#....†....#
#........###
##.......#
#......##
........#
.....####
.....


There were no monsters in sight!


Message History

🤖 Initializing magus.rc ...
Options error: Delay interrupt name "hungry" not recognised. (~/.crawlrc:4761) Options error: Bad monster_list_colour key: strict_neutral (~/.crawlrc:4776) ✅ Successfully initialized magus.rc [v1.9.6] Welcome, spaghetti the Octopode Delver.
They say the Orb of Zot lies within this dungeon, but they say a lot of things.
Press ? for a list of commands and other information.
Found a club.
Found an escape hatch in the ceiling.
Found a stone staircase leading down.
Unknown command.
An orc comes into view. It is wielding a +0 short sword.
Found a stone staircase leading up.
An orc priest comes into view.
It is wielding a +0 hand axe. 3 orcs come into view.
The orc shouts! x2; The orc priest shouts!
The orc closely misses you.
The orc shouts!
You hit the orc priest. Your grab misses the orc priest.
The orc priest hits you with a +0 hand axe. 😕 HP[-2]
You take 2 damage, and now have 14/16 hp.
You closely miss the orc priest. Your grab misses the orc priest.
You squeeze the orc priest, but do no damage.
The orc hits you with a +0 hand axe.
The orc priest mumbles some strange prayers to Beogh against you.
Pain shoots through your body!
* * * LOW HITPOINT WARNING * * *
😨 HP[-6]
You take 6 damage, and now have 8/16 hp.
MASSIVE DAMAGE!! (PAUSE)
You feel yourself speed up. The orc misses you.
The orc priest miscasts a cantrip.
There is a stone staircase leading up here.
You climb upwards.
There is a stone staircase leading down here.
The helpless kobold fails to defend itself.
You impale the kobold!!
You kill the kobold!
You start resting.
Your extra speed is starting to run out.
You feel yourself slow down. 😎 HP[+8]
Your hp is fully restored (16).
e - a fuming cyan potion
g - 5 stones {throwing} You see here a +0 dagger {short}.
An adder and a hobgoblin come into view.
The hobgoblin shouts!
There are monsters nearby!
You closely miss the hobgoblin. Your grab misses the hobgoblin.
The hobgoblin hits you. 😮 HP[-5]
You take 5 damage, and now have 11/16 hp.
MASSIVE DAMAGE!! (PAUSE)
You closely miss the adder. You grab the adder. Your squeeze misses the adder.
You constrict the adder. The adder barely misses you. The hobgoblin misses you.
The adder bites you.
You are poisoned.
The adder poisons you! 😮 HP[-2]
You take 2 damage, and now have 9/16 hp.
You hit the adder. You constrict the adder.
You feel sick. The hobgoblin barely misses you. The adder bites you.
* * * LOW HITPOINT WARNING * * *
😱 HP[-6]
You take 6 damage, and now have 3/16 hp.
MASSIVE DAMAGE!! (PAUSE)
You hit the adder. You constrict the adder.
You kill the adder!
* * * LOW HITPOINT WARNING * * *
You feel sick. The hobgoblin barely misses you.
Your Stealth skill increases to level 7!
You have reached level 2! 😱 MP[+1]
You now have 21 max hp (+5).
Your mp is fully restored (2).
It was a potion of mutation.
You feel extremely strange.
You feel resistant to cold.
You lose the ability to read scrolls when threatened.
* * * LOW HITPOINT WARNING * * *
You feel sick.
The hobgoblin barely misses you. 😱 HP[-1]
You take 1 damage, and now have 2/21 hp.
You closely miss the hobgoblin. You grab the hobgoblin.
You constrict the hobgoblin.
* * * LOW HITPOINT WARNING * * *
You feel sick.
The hobgoblin closely misses you. 😱 HP[-1]
You take 1 damage, and now have 1/21 hp.
You hit the hobgoblin. You squeeze the hobgoblin.
You kill the hobgoblin!
* * * LOW HITPOINT WARNING * * *
You feel sick.
There is a lethal amount of poison in your body!
Unknown command.
Unknown command.
You die...

Skill      XL: |  1 |
---------------+----+-----
Stealth        | 7 |  7.3
Fighting       | |  3.0
Short Blades   | |  2.0
Dodging        | |  2.0

Action                   || total
-------------------------++-------
Melee: Short sword       ||     9
       Constrict         ||     2
       Tentacles         ||     2
  Use: Potion            ||     2
 Stab: Sleeping          ||     1
Dodge: Dodged            ||     8

Levels and vault maps discovered:
D:4:      layout_cave_pools, minmay_temple_entry_enclosed_plants,
          kennysheep_diamond
D:5:      layout_cave_pools, tgw_fedhas, nicolae_wu_jian_wuxing_cycle,
          gammafunk_ghost_stat_death, serial_shops,
          nicolae_shop_bloodbath_and_beyond

Notes
Turn   | Place    | Note
-------+----------+-------------------------------------------
     0 | D:5      | spaghetti the Octopode Delver began the quest for the Orb.
     0 | D:5      | Reached XP level 1. HP: 16/16 MP: 1/1
     0 | D:5      | magus.rc [v1.9.6]
     7 | D:5      | Noticed an orc priest
   194 | D:4      | HP: 3/16 [adder (4)]
   196 | D:4      | Reached skill level 7 in Stealth
   196 | D:4      | Reached XP level 2. HP: 3/21 MP: 2/2
   196 | D:4      | Gained mutation: Your flesh is cold resistant. (rC+)
                  | [potion of mutation]
   196 | D:4      | Gained mutation: You sometimes lose the ability to read
                  | scrolls when taking damage. [potion of mutation]
   197 | D:4      | HP: 1/21 [poisoned by an adder]
   199 | D:4      | Succumbed to an adder's poison

Vanquished Creatures
  An adder (D:4)
  A hobgoblin (D:4)
  A kobold (D:4)
3 creatures vanquished.

Table legend:
 A = Non-vault XP
 B = Vault XP
 C = Vault XP percentage of total XP
 D = Non-vault monster count
 E = Vault monster count
 F = Vault count percentage of total count
                 A         B        C        D         E       F
            +---------+---------+-------+---------+---------+-------
      Total |      18 |       0 |   0.0 |       3 |       0 |   0.0
            +---------+---------+-------+---------+---------+-------
        D:4 |      18 |       0 |   0.0 |       3 |       0 |   0.0
            +---------+---------+-------+---------+---------+-------

Illustrated notes

Table legend:
 A = Kills in this place as a percentage of kills in entire the game.
 B = Kills by you in this place as a percentage of kills by you in the entire game.
 C = Kills by friends in this place as a percentage of kills by friends in the entire game.
 D = Other kills in this place as a percentage of other kills in the entire game.
 E = Experience gained in this place as a percentage of experience gained in the entire game.
 F = Experience gained in this place divided by the number of levels of this place that you have seen.
                   A       B       C       D       E      F
               +-------+-------+-------+-------+-------+----------------------
         Total | 100.0 | 100.0 |   N/A |   N/A | 100.0 |   9.0
       Dungeon | 100.0 | 100.0 |   N/A |   N/A | 100.0 |   9.0
               +-------+-------+-------+-------+-------+----------------------

Table legend: (Time is in decaauts)
 A = Elapsed time spent in this place.
 B = Non-inter-level travel time spent in this place.
 C = Inter-level travel time spent in this place.
 D = Time resting spent in this place.
 E = Time spent auto-exploring this place.
 F = Levels seen in this place.
 G = Mean time per level.
                   A        B        C        D        E       F      G
               +--------+--------+--------+--------+--------+-----+--------+
         Total |    181 |    181 |      0 |    142 |     12 |   2 |   90.5 |
       Dungeon |    181 |    181 |      0 |    142 |     12 |   2 |   90.5 |
               +--------+--------+--------+--------+--------+-----+--------+

Top non-repeatable levels by time:
     D:4: 164 daAuts
     D:5: 16 daAuts
